 Dungeon Crawl Stone Soup version 0.17.1-1-g73c8601 (console) character file.

41 Kloppie the Skirmisher (level 3, -1/20 HPs)
             Began as a Vine Stalker Fighter on Dec 27, 2015.
             Slain by a goblin
             ... wielding a +0 club
              (2 damage)
             ... on level 1 of the Dungeon.
             The game lasted 00:01:09 (842 turns).

Kloppie the Skirmisher (Vine Stalker Fighter)        Turns: 842, Time: 00:01:09

Health: -1/20      AC:  6    Str: 18    XL:     3   Next: 52%
Magic:  0/4        EV:  9    Int:  8    God:
Gold:   70         SH:  0    Dex: 14    Spells: 0 memorised, 2 levels left

rFire  . . .     SeeInvis .     a - +0 rapier
rCold  . . .     Clarity  .     b - +0 scale mail
rNeg   . . .     SustAt   .     (no shield)
rPois  .         Gourm    .     (no helmet)
rElec  .         Spirit   +     (no cloak)
rCorr  .         Warding  .     (no gloves)
rMut   .         Stasis   .     (no boots)
MR     .....                    (no amulet)
Stlth  ..........               (no ring)
                                (no ring)

@: not resistant to hostile enchantments, extremely unstealthy
A: fangs 2, regeneration 1, magic shield, antimagic bite, no device heal 3, rot
immunity
a: no special abilities


You were on level 1 of the Dungeon.
You were not hungry.

You visited 1 branch of the dungeon, and saw 2 of its levels.

You collected 70 gold pieces.

Inventory:

Hand Weapons
 a - a +0 rapier (weapon)
Armour
 b - a +0 scale mail (worn)
 c - a +0 shield
Jewellery
 g - an uncursed ring of protection from magic {unknown}
Scrolls
 h - a scroll of teleportation {unknown}
 i - 4 scrolls of magic mapping {unknown}
 j - 3 scrolls of fear {unknown}
 m - 4 scrolls of identify {unknown}
 p - a scroll of remove curse {unknown}
 q - a scroll of recharging {unknown}
 r - a scroll of enchant armour {unknown}
Potions
 d - a potion of might
 n - a potion of heal wounds {unknown}
Comestibles
 e - a bread ration
 f - 2 meat rations
 l - a beef jerky
 o - 3 chunks of flesh


   Skills:
 + Level 3.1 Fighting
 + Level 2.4 Short Blades
 + Level 2.9 Armour
 - Level 2.6 Shields


You had 2 spell levels left.
You didn't know any spells.

Dungeon Overview and Level Annotations

Branches:
Dungeon (2/15)

Altars:
Zin


Innate Abilities, Weirdness & Mutations

You have extremely sharp teeth.
Your natural rate of healing is unusually fast.
When hurt, damage is shared between your health and your magic reserves.
Your bite disrupts and absorbs the magic of your enemies.
Potions and wands cannot restore your health.
You are immune to rotting.


Message History

You feel sick.
You feel sick. The adder bites you but does no damage.
You feel sick. The adder bites you but does no damage.
You feel sick.
There is an escape hatch in the ceiling here.
You feel sick. The adder bites you.
* * * LOW HITPOINT WARNING * * *
The goblin hits you but does no damage. The adder bites you but does no damage.
A mysterious force pulls you upwards. The hatch slams shut behind you.
* * * LOW HITPOINT WARNING * * *
You feel sick.
You hit the adder but do no damage. Your bite misses the adder.
The goblin hits you but does no damage. The adder bites you.
* * * LOW HITPOINT WARNING * * *
You are more poisoned.
The adder poisons you!
Drink which item? (? for menu, Esc to quit)
It was a potion of curing.
You feel better. The adder bites you but does no damage.
The goblin hits you with a club.
You die...

#.......###.............#.....
######### #...........#.#.....
#...........#.#.#.##
#..........##.#...##
#..........##.#.####
#.......#####.######
#.......#####.#.....
#.g.....#.....#.####
###..@....#.#####.#
#....S....#.#.....####
#...#######........... #...#
#........... #...#
#........... #...#
#........... #.).#
#........... ###.##
#....####### #..#
###############


You could see an adder and a goblin.

Vanquished Creatures
  2 adders (D:2)
  2 worms (D:2)
  2 bats (D:1)
  4 goblins
  A hobgoblin (D:1)
  A ball python (D:2)
  A giant gecko (D:1)
  A giant newt (D:2)
  2 kobolds
  2 rats (D:1)
18 creatures vanquished.

Notes
Turn   | Place    | Note
--------------------------------------------------------------
     0 | D:1      | Kloppie the Vine Stalker Fighter began the quest for the Orb.
     0 | D:1      | Reached XP level 1. HP: 11/11 MP: 2/2
   192 | D:1      | Reached XP level 2. HP: 5/16 MP: 1/3
   751 | D:2      | Reached skill level 3 in Fighting
   751 | D:2      | Reached XP level 3. HP: 13/20 MP: 4/4
   752 | D:2      | Found a glowing silver altar of Zin.
   841 | D:1      | HP: 1/20 [adder (2)]
   842 | D:1      | Slain by a goblin

Action                   || total
-------------------------++-------
Melee: Rapier            ||    69
  Use: Potion            ||     1
